 Dungeon Crawl Stone Soup version 0.31-a0-441-g867994ef1c (webtiles) character file.

Game seed: 2936964326925256182

1211 Adrian566 the Cleaver (level 8, -1/70 HPs)
             Began as a Hill Orc Fighter on July 25, 2023.
             Succumbed to an adder's poison
             ... on level 5 of the Dungeon on Aug 3, 2023.
             The game lasted 00:07:49 (4686 turns).

Adrian566 the Cleaver (Hill Orc Fighter)            Turns: 4686, Time: 00:07:50

Health: -1/70      AC: 10    Str: 21    XL:     8   Next: 46%
Magic:  8/8        EV: 10    Int:  8    God:
Gold:   610        SH:  4    Dex: 10    Spells: 7/7 levels left

rFire   . . .        a - +0 war axe
rCold   . . .        c - +0 buckler
rNeg    . . .        b - +0 scale mail
rPois   .            o - +1 helmet
rElec   .            (no cloak)
rCorr   .            (no gloves)
SInv    .            (no boots)
Will    .....        (no amulet) Stlth
                     (no ring)
HPRegen 0.31/turn    (no ring)
MPRegen 0.11/turn

%: no passive effects
@: lethally poisoned (-1 -> -14), attractive, invisible
A: no striking features
a: no special abilities


You were on level 5 of the Dungeon.
You visited 1 branch of the dungeon, and saw 5 of its levels.

You collected 610 gold pieces.

Inventory:

Hand Weapons
 a - a +0 war axe (weapon)
Armour
 b - a +0 scale mail (worn)
 c - a +0 buckler (worn)
 o - a +1 helmet (worn)
Jewellery
 d - an amulet of guardian spirit
 p - a ring of fire
 q - a ring of willpower
Talismans
 e - a serpent talisman
Wands
 m - a wand of polymorph (9)
Scrolls
 j - a scroll of teleportation
Potions
 h - a potion of invisibility
 k - 2 potions of attraction


   Skills:
 + Level 5.8 Fighting
 + Level 8.7 Axes
 + Level 6.6 Armour
 + Level 1.6 Dodging
 + Level 0.1 Stealth
 + Level 4.3 Shields
 + Level 0.7 Unarmed Combat


You had 7 spell levels left.
You didn't know any spells.
Your spell library contained the following spells:

 Spells                   Type           Power      Damage    Failure   Level
 Freeze                   Ice            0%         1d3       80%         1
 Scorch                   Fire           0%         2d5       90%         2
 Frozen Ramparts          Ice            0%         1d1       99%         3
 Hailstorm                Conj/Ice       0%         3d3       99%         3
 Flame Wave               Conj/Fire      0%         2d4       100%        4
 Alistair's Intoxication  Tmut/Pois      0%         N/A       100%        5
 Borgnjor's Vile Clutch   Necr/Erth      0%         N/A       100%        5
 Eringya's Noxious Bog    Tmut/Pois      0%         4d6       100%        6
 Summon Cactus Giant      Summ           0%         N/A       100%        6


Dungeon Overview and Level Annotations

Branches:
Dungeon (5/15)             Temple (0/1) D:4

Altars:
Ru
Trog

Shops:
D:4 (


Message History

You closely miss the killer bee.
You feel sick.
You are no longer poisoned.
The killer bee barely misses you. x2
You hit the killer bee but do no damage.
You catch the helpless ogre completely off-guard!
You hit the ogre but do no damage. The killer bee barely misses you.
The ogre barely misses you. The killer bee closely misses you.
You block the killer bee's attack.
An adder comes into view.
The killer bee stings you.
* * * LOW HITPOINT WARNING * * *
You are poisoned.
The killer bee poisons you! The adder is attracted toward you.
You miss the killer bee. You hit the killer bee.
The adder hisses angrily.
You hit the ogre.
You feel sick.
The adder hisses angrily.
The killer bee barely misses you. The killer bee closely misses you.
The ogre hits you with a +0 giant club.
* * * LOW HITPOINT WARNING * * *
The killer bee closely misses you. The killer bee stings you.
* * * LOW HITPOINT WARNING * * *
You are lethally poisoned!
The killer bee poisons you! The adder is attracted toward you.
* * * LOW HITPOINT WARNING * * *
You feel very sick.
The adder hisses angrily.
The killer bee barely misses you.
The killer bee stings you but does no damage.
You block the killer bee's attack. The killer bee closely misses you.
The adder bites you but does no damage.
* * * LOW HITPOINT WARNING * * *
You feel very sick. The adder bites you.
* * * LOW HITPOINT WARNING * * *
You are more poisoned.
The adder poisons you! The killer bee stings you.
* * * LOW HITPOINT WARNING * * *
Unknown command.
You die...

......#######.## ......
#....... ##### #.......
#....... #....... #.......
## .... ###########.......
... ...
###..yy.............
...##..##
#.#@.SO.............
.......##
#.#<.).......#######
.......# #.#..).......# .
#.gg.# #............#
....##gS.## #.#..........#
#....W..###............#
##########..##............#
......# #.......>...#######
......###.####......#


You could see an ogre (unable to see you), 2 killer bees and an adder (unable to
see you).

Vanquished Creatures
  A black bear (D:4)
  2 ogres
  3 phantoms (D:5)
  4 scorpions
  A killer bee (D:4)
  2 hounds (D:4)
  A jelly (D:4)
  An iguana (D:5)
  A sleepcap (D:5)
  2 orc wizards (D:5)
  9 adders
  4 gnolls
  4 worms
  9 dart slugs
  6 orcs
  6 ball pythons
  11 bats
  8 endoplasms
  4 giant cockroaches
  9 goblins
  4 hobgoblins
  8 jackals (D:1)
  4 quokkas
  3 frilled lizards
  7 kobolds
  4 rats
118 creatures vanquished.

Notes
Turn   | Place    | Note
-------+----------+-------------------------------------------
     0 | D:1      | Adrian566 the Hill Orc Fighter began the quest for the Orb.
     0 | D:1      | Reached XP level 1. HP: 19/19 MP: 1/1
    68 | D:1      | Reached XP level 2. HP: 26/27 MP: 2/2
   172 | D:1      | Reached skill level 3 in Axes
   313 | D:1      | Reached XP level 3. HP: 32/33 MP: 3/3
   732 | D:2      | Reached XP level 4. HP: 40/40 MP: 4/4
   737 | D:2      | Found a bloodstained altar of Trog.
   790 | D:2      | Reached skill level 4 in Axes
  1537 | D:3      | Found a faded altar of an unknown god.
  1722 | D:3      | Reached XP level 5. HP: 19/47 MP: 5/5
  2339 | D:4      | Found Nacaf's Weapon Emporium.
  2463 | D:4      | Found a staircase to the Ecumenical Temple.
  2633 | D:4      | Found a sacrificial altar of Ru.
  2707 | D:4      | Reached skill level 5 in Axes
  2707 | D:4      | Reached XP level 6. HP: 20/53 MP: 6/6
  3089 | D:4      | Reached skill level 5 in Armour
  3237 | D:4      | Noticed a black bear
  3251 | D:4      | Killed a black bear
  3252 | D:4      | Reached skill level 6 in Axes
  3252 | D:4      | Reached skill level 1 in Dodging
  3252 | D:4      | Reached XP level 7. HP: 30/60 MP: 7/7
  3254 | D:4      | Reached skill level 5 in Fighting
  3381 | D:4      | Reached skill level 7 in Axes
  3545 | D:4      | Upgraded the game from 0.31-a0-358-gac0dbeb3ab to
                  | 0.31-a0-441-g867994ef1c
  3579 | D:5      | Entered Level 5 of the Dungeon
  4097 | D:5      | Reached skill level 8 in Axes
  4097 | D:5      | Reached XP level 8. HP: 54/69 MP: 8/8
  4685 | D:5      | HP: 3/70 [adder (2)]
  4685 | D:5      | HP: 1/70 [killer bee (2)]
  4686 | D:5      | Succumbed to an adder's poison

Illustrated notes

Levels and vault maps discovered:
D:1:      heliophobic_arrival_battle_scene, layout_rooms,
          chequers_serial_rivers_large_b
D:2:      layout_rooms, basic_altar, serial_aquarium, aquarium_bridge_square
          [aquarium_subvault_bridge, aquarium_subvault_window,
          aquarium_subvault_bridge, aquarium_subvault_bridge],
          aquarium_window_fake, aquarium_window_corridor_1, aquarium_window_2,
          aquarium_view_2a, aquarium_pool_side, moated_statue, fountainhead,
          kennysheep_doodads, minivault_25, moated_statue, grunt_decor_fettered
D:3:      layout_basic, hellmonk_ecumenical_altar_crossroads, serial_curves,
          eino_curves_02, eino_curves_01
D:4:      minmay_polygon_palace, layout_loops_ring,
          nicolae_overflow_hidden_temple, temple_hall, serial_shops, shop,
          kennysheep_generic_room_7
D:5:      layout_basic, hangedman_decor_points

Skill      XL: |  1  2  3  4  5  6  7 |
---------------+----------------------+-----
Axes           | 3 4 5 6 8 |  8.7
Fighting       | 4 5 |  5.8
Armour         | 4 5 6 |  6.6
Shields        | 4 |  4.3
Dodging        | 1 |  1.6
Stealth        | |  0.1
Unarmed Combat | |  0.7

Action                     |  1- 3 |  4- 6 |  7- 9 || total
---------------------------+-------+-------+-------++-------
  Melee: War axe           |    75 |   175 |   107 ||   357
         Unarmed           |       |       |     6 ||     6
    Use: Potion            |       |     1 |     6 ||     7
         Scroll            |       |       |    11 ||    11
   Stab: Invisible         |       |       |     1 ||     1
 Armour: Scale mail        |    44 |    96 |    82 ||   222
         Skin              |       |       |     2 ||     2
  Dodge: Dodged            |    48 |    72 |    95 ||   215
  Block: Buckler           |    14 |    40 |    34 ||    88
         Form:             |       |       |     1 ||     1
         Anaconda          |       |       |     1 ||     1

Table legend: (Time is in decaauts)
 A = Elapsed time spent in this place.
 B = Non-inter-level travel time spent in this place.
 C = Inter-level travel time spent in this place.
 D = Time resting spent in this place.
 E = Time spent auto-exploring this place.
 F = Levels seen in this place.
 G = Mean time per level.
                   A        B        C        D        E       F      G
               +--------+--------+--------+--------+--------+-----+--------+
         Total |   4810 |   4707 |    103 |    554 |   3267 |   5 |  962.0 |
       Dungeon |   4810 |   4707 |    103 |    554 |   3267 |   5 |  962.0 |
               +--------+--------+--------+--------+--------+-----+--------+

Top non-repeatable levels by time:
     D:4: 1549 daAuts
     D:3: 1148 daAuts
     D:5: 855 daAuts
     D:1: 675 daAuts
     D:2: 581 daAuts
